Panthers vs Avalanche (R1)

Created - October 25, 2024 at 19:39

Goals
1 2 3 T
Panthers 1 2 0 3
Avalanche 2 2 1 5
Shots
1 2 3 T
Panthers 10 18 3 31
Avalanche 10 8 15 33

1st period

1. Avalanche , Patric Hornqvist 1 (Andrei Kuzmenko 1, Bryan Little 2) at 9:54
2. Panthers , Nikita Kucherov 1 (Matt Duchene 4, Mikkel Boedker 2) at 12:08
3. Avalanche , Ryan O'Reilly 1 (Patric Hornqvist 2) at 17:39 (SH)

Penalties :
Danny DeKeiser (Flo) for Roughing (Minor) at 15:08, Bryan Little (Col) for Slashing (Double Minor) at 17:06, Alex Pietrangelo (Flo) for Roughing (Minor) at 17:42

2nd period

4. Panthers , Nikita Kucherov 2 (Matt Duchene 5, Alex Pietrangelo 1) at 0:10 (PP)
5. Panthers , Matt Duchene 1 (Alex Pietrangelo 2, Mikkel Boedker 3) at 1:12 (PP)
6. Avalanche , Jean-Gabriel Pageau 1 (Rickard Rakell 1, Jacob Slavin 3) at 1:51
7. Avalanche , Andrei Kuzmenko 3 (Bryan Little 3) at 16:21 (PP)

Penalties :
Jean-Gabriel Pageau (Col) for Slashing (Minor) at 1:02, Anthony Duclair (Col) for Cross-checking (Minor) at 4:33, Vladislav Gavrikov (Col) for Interference (Minor) at 8:42, Bryan Little (Col) for Hooking (Minor) at 13:47, Griffin Reinhart (Flo) for High sticking (Minor) at 16:20, Nikita Kucherov (Flo) for Hooking (Minor) at 19:15

3rd period

8. Avalanche , Patric Hornqvist 2 (Andrei Kuzmenko 2, Stefan Elliott 1) at 4:44

Penalties :
Nikita Kucherov (Flo) for Hooking (Minor) at 7:14, Aleksander Barkov (Flo) for Holding Stick (Minor) at 17:30

Goalie Stats

Ville Husso (Flo), 28 saves from 33 shots - (0.848), L, 1-2-0, 60:00 minutes
Robin Lehner (Col), 28 saves from 31 shots - (0.903), W, 1-2-0, 60:00 minutes

Players Stats for Panthers

Player Name              G  A  P  +/- PIM S  H  SB GA TA FO     MP     PP MP  PK MP  
------------------------------------------------------------------------------------
Aleksander Barkov        0  0  0   0  2   1  1  0  1  1  5/16   17:13   2:50   3:42 
Alex Pietrangelo         0  2  2   1  2   1  1  2  0  1  0/0    28:14   4:26   4:34 
Danny DeKeiser           0  0  0   1  2   3  1  0  0  2  0/0    27:56   4:09   2:25 
Dmitrij Jaskin           0  0  0   0  0   0  0  0  1  0  0/0     6:19   0:00   0:00 
Dominik Kahun            0  0  0   0  0   4  0  1  1  0  2/3     7:45   0:00   1:25 
Drake Batherson          0  0  0   0  0   1  0  0  0  0  0/2    12:33   2:32   0:00 
Griffin Reinhart         0  0  0  -3  2   1  3  0  0  1  0/0    18:08   3:02   0:57 
Jimmy Vesey              0  0  0   0  0   0  1  2  0  0  1/2    12:41   0:00   1:51 
Kirill Kaprizov          0  0  0   0  0   2  0  1  0  0  0/0    13:03   2:32   0:08 
Kris Versteeg            0  0  0   0  0   0  2  1  0  0  0/1    15:28   0:00   4:41 
Matt Duchene             1  2  3  -3  0   4  1  0  0  0  23/40  21:42   4:21   0:19 
Mikkel Boedker           0  2  2  -3  0   4  1  0  0  1  1/1    21:17   4:21   1:16 
Miro Aaltonen            0  0  0   0  0   2  4  1  0  0  3/5    13:41   0:00   2:30 
Nikita Kucherov          2  0  2  -3  4   7  1  1  1  0  0/1    21:24   4:21   0:00 
Nikita Tryamkin          0  0  0  -1  0   0  1  0  0  0  0/0     9:18   0:00   0:00 
Niklas Hansson           0  0  0  -3  0   1  2  0  0  0  0/0    21:47   3:02   4:34 
Nikolay Goldobin         0  0  0   0  0   0  1  1  0  1  0/0     6:19   0:00   0:00 
Radim Simek              0  0  0  -1  0   0  0  0  0  0  0/0    15:10   0:18   3:22 

Players Stats for Avalanche

Player Name              G  A  P  +/- PIM S  H  SB GA TA FO     MP     PP MP  PK MP  
------------------------------------------------------------------------------------
Andrei Kuzmenko          1  2  3   2  0   4  0  0  0  1  0/0    17:13   3:54   0:29 
Anthony Duclair          0  0  0  -1  2   0  0  0  0  0  0/0    11:18   0:00   0:00 
Bryan Little             0  2  2   2  6   2  0  0  0  0  12/23  16:00   3:53   0:00 
David Rundblad           0  0  0  -1  0   0  0  2  0  0  0/0    23:59   4:22   3:53 
Drake Caggiula           0  0  0   0  0   0  2  0  0  0  2/2     6:56   0:00   0:00 
Erik Karlsson            0  0  0  -1  0   0  1  1  0  0  0/0    15:43   3:34   0:13 
Jack Johnson             0  0  0   2  0   1  1  1  0  1  0/0    20:30   0:00   3:18 
Jacob Slavin             0  1  1   1  0   1  0  4  1  2  0/0    26:10   3:34   3:40 
Jean-Gabriel Pageau      1  0  1   1  2   4  1  1  0  0  10/25  21:16   4:02   3:27 
Joseph Blandisi          0  0  0   0  0   0  0  0  0  0  0/0     6:56   0:00   0:00 
Kyle Clifford            0  0  0   1  0   6  4  0  2  0  2/3    21:27   4:02   3:37 
Nick Cousins             0  0  0  -1  0   1  2  1  1  0  0/0    14:57   3:54   0:00 
Patric Hornqvist         2  1  3   3  0   3  0  4  0  0  0/1    15:18   0:00   3:05 
Rickard Rakell           0  1  1   1  0   4  4  1  1  0  0/1    16:51   4:02   0:10 
Ryan Hartman             0  0  0   0  0   0  1  0  0  0  0/1     6:56   0:00   0:00 
Ryan O'Reilly            1  0  1   0  0   6  2  0  1  0  10/15  15:35   0:00   3:34 
Stefan Elliott           0  1  1   2  0   1  0  1  1  0  0/0    18:25   4:22   0:55 
Vladislav Gavrikov       0  0  0   3  2   0  2  2  0  0  0/0    15:14   0:00   2:23 

3 Stars

1 - Patric Hornqvist (Col)
2 - Andrei Kuzmenko (Col)
3 - Rickard Rakell (Col)

Power Play

Panthers - 2 on 6 Attempt(s) - 33.33%
Avalanche - 1 on 6 Attempt(s) - 16.67%

Penalty Kill

Panthers - 5 on 6 Attempt(s) - 83.33% - Score 0 goal in Penalty Kill
Avalanche - 4 on 6 Attempt(s) - 66.67% - Score 1 goal in Penalty Kill

Team Stat

Panthers - Hits : 20 - Faceoff Wins : 35 - Blocked Shots : 10 - Penalty Minutes : 12
Avalanche - Hits : 20 - Faceoff Wins : 36 - Blocked Shots : 18 - Penalty Minutes : 12

Official

Referees : TJ Luxmore and Kelly Sutherland
Linesman : Tyson Baker and David Brisebois

Game Notes

No Game Note

Finance

Level 1 -- Attendance: 5928 (98.80%) -- Ticket Income $592,800
Level 2 -- Attendance: 4712 (94.24%) -- Ticket Income $329,840
Level 3 -- Attendance: 1841 (92.05%) -- Ticket Income $73,640
Level 4 -- Attendance: 3656 (91.40%) -- Ticket Income $109,680
Luxury Box -- Attendance: 1000 (100.00%) -- Ticket Income $200,000
Game was played at the Pepsi Center.
Total Attendance: 17137 (95.21%)
Total Ticket Income: $1,305,960
Other Income: $195,894
Total Income: $1,501,854

Panthers

5 vs 5 Forward 
   Center                   Left Wing                Right Wing               Time % Phy DF OF 
 1 Matt Duchene             Mikkel Boedker           Nikita Kucherov          40     0   2  3  
 2 Aleksander Barkov        Kirill Kaprizov          Drake Batherson          30     0   2  3  
 3 Miro Aaltonen            Jimmy Vesey              Kris Versteeg            20     1   2  2  
 4 Dominik Kahun            Nikolay Goldobin         Dmitrij Jaskin           10     1   2  2  

5 vs 5 Defense 
   Defense                  Defense                                           Time % Phy DF OF 
 1 Alex Pietrangelo         Danny DeKeiser                                    40     0   2  3  
 2 Niklas Hansson           Griffin Reinhart                                  30     1   2  2  
 3 Radim Simek              Nikita Tryamkin                                   20     1   2  2  
 4 Alex Pietrangelo         Danny DeKeiser                                    10     0   2  3  

PowerPlay Forward 
   Center                   Left Wing                Right Wing               Time % Phy DF OF 
 1 Matt Duchene             Mikkel Boedker           Nikita Kucherov          60     0   1  4  
 2 Aleksander Barkov        Kirill Kaprizov          Drake Batherson          40     0   1  4  

PowerPlay Defense
   Defense                  Defense                                           Time % Phy DF OF 
 1 Alex Pietrangelo         Danny DeKeiser                                    60     0   2  3  
 2 Niklas Hansson           Griffin Reinhart                                  40     0   2  3  

Penalty Kill 4 Players Forward 
   Center                   Wing                     Time % Phy DF OF 
 1 Aleksander Barkov        Kris Versteeg            60     1   3  1  
 2 Miro Aaltonen            Mikkel Boedker           40     1   3  1  

Penalty Kill 4 Players Defense
   Defense                  Defense                  Time % Phy DF OF 
 1 Alex Pietrangelo         Niklas Hansson           60     1   3  1  
 2 Danny DeKeiser           Radim Simek              40     1   3  1  

Penalty Kill - 3 Players Forward 
   Forward                                           Time % Phy DF OF 
 1 Kris Versteeg                                     60     1   3  1  
 2 Aleksander Barkov                                 40     1   3  1  

Penalty Kill - 3 Players Defense
   Defense                  Defense                  Time % Phy DF OF 
 1 Alex Pietrangelo         Niklas Hansson           60     1   3  1  
 2 Danny DeKeiser           Radim Simek              40     1   3  1  

4 vs 4 Forward 
   Center                   Wing                     Time % Phy DF OF 
 1 Matt Duchene             Nikita Kucherov          60     0   2  3  
 2 Aleksander Barkov        Mikkel Boedker           40     0   2  3  

4 vs 4 Defense
   Defense                  Defense                  Time % Phy DF OF 
 1 Alex Pietrangelo         Danny DeKeiser           60     0   2  3  
 2 Niklas Hansson           Griffin Reinhart         40     1   2  2  

Last Minutes Offensive
   Center                   Left Wing                Right Wing               Defense                  Defense                  
   Matt Duchene             Mikkel Boedker           Nikita Kucherov          Alex Pietrangelo         Griffin Reinhart         

Last Minutes Defensive
   Center                   Left Wing                Right Wing               Defense                  Defense                  
   Aleksander Barkov        Mikkel Boedker           Kris Versteeg            Danny DeKeiser           Niklas Hansson           

Goaltenders
Starting : Ville Husso              
Backup : Brandon Halverson        

Extra Forwards
Normal : Kirill Kaprizov, Nikita Kucherov, Matt Duchene - PP : Drake Batherson, Matt Duchene - PK : Miro Aaltonen
Extra Defensemen
Normal : Radim Simek, Alex Pietrangelo, Niklas Hansson - PP : Alex Pietrangelo - PK : Radim Simek, Niklas Hansson
Penalty Shots
Drake Batherson, Nikita Kucherov, Mikkel Boedker, Miro Aaltonen, Aleksander Barkov
Custom OT Lines Forwards
Matt Duchene, Nikita Kucherov, Aleksander Barkov, Drake Batherson, Kirill Kaprizov, Mikkel Boedker, Miro Aaltonen, Jimmy Vesey, Nikolay Goldobin, Kris Versteeg
Custom OT Lines Defensemen
Alex Pietrangelo, Danny DeKeiser, Niklas Hansson, Griffin Reinhart, Radim Simek

Scratches
None

Avalanche

5 vs 5 Forward 
   Center                   Left Wing                Right Wing               Time % Phy DF OF 
 1 Jean-Gabriel Pageau      Kyle Clifford            Rickard Rakell           31     0   2  3  
 2 Bryan Little             Andrei Kuzmenko          Patric Hornqvist         31     0   2  3  
 3 Ryan O'Reilly            Anthony Duclair          Nick Cousins             27     0   2  3  
 4 Drake Caggiula           Joseph Blandisi          Ryan Hartman             11     1   2  2  

5 vs 5 Defense 
   Defense                  Defense                                           Time % Phy DF OF 
 1 Jack Johnson             Jacob Slavin                                      39     1   2  2  
 2 Erik Karlsson            David Rundblad                                    33     1   2  2  
 3 Vladislav Gavrikov       Stefan Elliott                                    28     1   2  2  
 4 Jack Johnson             Jacob Slavin                                      0      0   5  0  

PowerPlay Forward 
   Center                   Left Wing                Right Wing               Time % Phy DF OF 
 1 Jean-Gabriel Pageau      Kyle Clifford            Rickard Rakell           50     0   1  4  
 2 Bryan Little             Andrei Kuzmenko          Nick Cousins             50     0   1  4  

PowerPlay Defense
   Defense                  Defense                                           Time % Phy DF OF 
 1 Jacob Slavin             Erik Karlsson                                     50     0   2  3  
 2 Stefan Elliott           David Rundblad                                    50     0   2  3  

Penalty Kill 4 Players Forward 
   Center                   Wing                     Time % Phy DF OF 
 1 Jean-Gabriel Pageau      Kyle Clifford            50     1   3  1  
 2 Ryan O'Reilly            Patric Hornqvist         50     1   3  1  

Penalty Kill 4 Players Defense
   Defense                  Defense                  Time % Phy DF OF 
 1 Jacob Slavin             David Rundblad           50     1   3  1  
 2 Jack Johnson             Vladislav Gavrikov       50     1   3  1  

Penalty Kill - 3 Players Forward 
   Forward                                           Time % Phy DF OF 
 1 Kyle Clifford                                     55     1   4  0  
 2 Jean-Gabriel Pageau                               45     1   4  0  

Penalty Kill - 3 Players Defense
   Defense                  Defense                  Time % Phy DF OF 
 1 Jacob Slavin             David Rundblad           50     1   4  0  
 2 Jack Johnson             Vladislav Gavrikov       50     1   4  0  

4 vs 4 Forward 
   Center                   Wing                     Time % Phy DF OF 
 1 Jean-Gabriel Pageau      Kyle Clifford            50     1   2  2  
 2 Ryan O'Reilly            Andrei Kuzmenko          50     1   2  2  

4 vs 4 Defense
   Defense                  Defense                  Time % Phy DF OF 
 1 Jacob Slavin             Vladislav Gavrikov       55     1   2  2  
 2 Jack Johnson             David Rundblad           45     1   2  2  

Last Minutes Offensive
   Center                   Left Wing                Right Wing               Defense                  Defense                  
   Jean-Gabriel Pageau      Anthony Duclair          Patric Hornqvist         Erik Karlsson            Jacob Slavin             

Last Minutes Defensive
   Center                   Left Wing                Right Wing               Defense                  Defense                  
   Jean-Gabriel Pageau      Kyle Clifford            Rickard Rakell           Jacob Slavin             Jack Johnson             

Goaltenders
Starting : Robin Lehner             
Backup : Semyon Varlamov          

Extra Forwards
Normal : Drake Caggiula, Joseph Blandisi, Ryan Hartman - PP : Anthony Duclair, Ryan O'Reilly - PK : Rickard Rakell
Extra Defensemen
Normal : Vladislav Gavrikov, Stefan Elliott, David Rundblad - PP : Vladislav Gavrikov - PK : Stefan Elliott, Erik Karlsson
Penalty Shots
Andrei Kuzmenko, Anthony Duclair, Bryan Little, Patric Hornqvist, Kyle Clifford
Custom OT Lines Forwards
Kyle Clifford, Jean-Gabriel Pageau, Bryan Little, Patric Hornqvist, Rickard Rakell, Ryan O'Reilly, Andrei Kuzmenko, Nick Cousins, Ryan Hartman, Anthony Duclair
Custom OT Lines Defensemen
Jacob Slavin, Erik Karlsson, Jack Johnson, David Rundblad, Stefan Elliott

Scratches
Jarred Tinordi (Healthy), Luke Witkowski (Healthy)

% Time on Ice - Panthers

Lines # - Real PCT - Wanted PCT - Time Play
Normal Forward
1 - 37% - 40% - 15:46
2 - 23% - 30% - 10:01
3 - 25% - 20% - 10:47
4 - 15% - 10% - 6:19
Normal Defense
1 - 42% - 40% - 18:06
2 - 34% - 30% - 14:22
3 - 22% - 20% - 9:18
4 - 3% - 10% - 1:07
PP Forward
1 - 61% - 60% - 4:21
2 - 39% - 40% - 2:50
PP Defense
1 - 58% - 60% - 4:09
2 - 42% - 40% - 3:02
PK Forward
1 - 84% - 60% - 6:40
2 - 16% - 40% - 1:16
PK Defense
1 - 58% - 60% - 4:34
2 - 42% - 40% - 3:22
PK3 Forward
1 - 0% - 60%
2 - 0% - 40%
PK3 Defense
1 - 0% - 60%
2 - 0% - 40%
44 Forward
1 - 84% - 60% - 1:41
2 - 16% - 40% - 0:19
44 Defense
1 - 70% - 60% - 1:24
2 - 30% - 40% - 0:36
Last Minute Offensive  - 0:00
Last Minute Defensive  - 0:00
Total
Forward - 60:00
Defense - 60:00

% Time on Ice - Avalanche

Lines # - Real PCT - Wanted PCT - Time Play
Normal Forward
1 - 31% - 31% - 13:11
2 - 29% - 31% - 12:20
3 - 25% - 27% - 10:45
4 - 15% - 11% - 6:37
Normal Defense
1 - 41% - 39% - 17:34
2 - 32% - 33% - 13:51
3 - 27% - 28% - 11:28
4 - 0% - 0% - 0:00
PP Forward
1 - 51% - 50% - 4:02
2 - 49% - 50% - 3:54
PP Defense
1 - 45% - 50% - 3:34
2 - 55% - 50% - 4:22
PK Forward
1 - 50% - 50% - 3:37
2 - 50% - 50% - 3:34
PK Defense
1 - 51% - 50% - 3:40
2 - 49% - 50% - 3:31
PK3 Forward
1 - 0% - 55%
2 - 0% - 45%
PK3 Defense
1 - 0% - 50%
2 - 0% - 50%
44 Forward
1 - 56% - 50% - 1:07
2 - 44% - 50% - 0:53
44 Defense
1 - 68% - 55% - 1:22
2 - 32% - 45% - 0:38
Last Minute Offensive  - 0:00
Last Minute Defensive  - 0:00
Total
Forward - 60:00
Defense - 60:00

Play-by-Play

1st period


0:01 of 1st period - Matt Duchene wins face-off versus Jean-Gabriel Pageau in neutral zone.
0:13 of 1st period - Icing by Nikita Kucherov.
0:14 of 1st period - Matt Duchene wins face-off versus Bryan Little in Panthers zone.
0:25 of 1st period - Snap shot by Nikita Kucherov.
0:25 of 1st period - Stopped by Robin Lehner with a rebound.
0:27 of 1st period - Slapshot by Danny DeKeiser.
0:27 of 1st period - Shot Blocked by Patric Hornqvist.
0:29 of 1st period - Snap shot by Matt Duchene.
0:29 of 1st period - Shot Misses the Net.
0:56 of 1st period - Icing by Erik Karlsson.
0:57 of 1st period - Ryan O'Reilly wins face-off versus Miro Aaltonen in Avalanche zone.
1:25 of 1st period - Erik Karlsson is hit by Nikita Tryamkin and loses puck.
3:03 of 1st period - Slapshot by Jimmy Vesey.
3:03 of 1st period - Shot Blocked by Jacob Slavin.
3:11 of 1st period - Snap shot by Miro Aaltonen.
3:11 of 1st period - Shot Blocked by Jacob Slavin.
3:13 of 1st period - Slapshot by Kris Versteeg.
3:13 of 1st period - Shot Misses the Net.
3:21 of 1st period - Snap shot by Ryan O'Reilly.
3:21 of 1st period - Stopped by Ville Husso without a rebound.
3:22 of 1st period - Jean-Gabriel Pageau wins face-off versus Aleksander Barkov in Panthers zone.
3:23 of 1st period - Snap shot by Rickard Rakell.
3:23 of 1st period - Shot Misses the Net.
3:49 of 1st period - Vladislav Gavrikov is hit by Niklas Hansson and loses puck.
5:07 of 1st period - Snap shot by Miro Aaltonen.
5:07 of 1st period - Shot Blocked by Erik Karlsson.
5:34 of 1st period - Wrist shot by Kyle Clifford.
5:34 of 1st period - Shot Misses the Net.
5:46 of 1st period - Slapshot by Nikita Kucherov.
5:46 of 1st period - Shot Misses the Net.
5:48 of 1st period - Slapshot by Griffin Reinhart.
5:48 of 1st period - Shot Misses the Net.
5:50 of 1st period - Wrist shot by Matt Duchene.
5:50 of 1st period - Shot Misses the Net.
5:52 of 1st period - Wrist shot by Matt Duchene.
5:52 of 1st period - Shot Blocked by Patric Hornqvist.
6:20 of 1st period - Ryan O'Reilly is hit by Aleksander Barkov and loses puck.
6:35 of 1st period - Kyle Clifford is hit by Nikolay Goldobin.
6:44 of 1st period - Dmitrij Jaskin is hit by Kyle Clifford and loses puck.
6:57 of 1st period - Wrist shot by Nikita Kucherov.
6:57 of 1st period - Shot Misses the Net.
7:12 of 1st period - Icing by Stefan Elliott.
7:13 of 1st period - Bryan Little wins face-off versus Aleksander Barkov in Avalanche zone.
7:47 of 1st period - Wrist shot by Dmitrij Jaskin.
7:47 of 1st period - Deflect By Dominik Kahun.
7:47 of 1st period - Shot Blocked by Nick Cousins.
7:47 of 1st period - Puck is out of play.
7:48 of 1st period - Bryan Little wins face-off versus Matt Duchene in Avalanche zone.
7:57 of 1st period - Snap shot by Andrei Kuzmenko.
7:57 of 1st period - Shot Misses the Net.
8:14 of 1st period - Jack Johnson is hit by Griffin Reinhart and loses puck.
8:21 of 1st period - Wrist shot by Jean-Gabriel Pageau.
8:21 of 1st period - Deflect By Rickard Rakell.
8:21 of 1st period - Shot Blocked by Kirill Kaprizov.
8:21 of 1st period - Puck is out of play.
8:22 of 1st period - Jean-Gabriel Pageau wins face-off versus Drake Batherson in Panthers zone.
8:23 of 1st period - Wrist shot by Kyle Clifford.
8:23 of 1st period - Stopped by Ville Husso without a rebound.
8:24 of 1st period - Jean-Gabriel Pageau wins face-off versus Drake Batherson in Panthers zone.
9:03 of 1st period - Wrist shot by Andrei Kuzmenko.
9:03 of 1st period - Shot Blocked by Nikita Kucherov.
9:21 of 1st period - Wrist shot by Ryan O'Reilly.
9:21 of 1st period - Deflect By Alex Pietrangelo.
9:21 of 1st period - Stopped by Ville Husso with a rebound.
9:23 of 1st period - Wrist shot by Anthony Duclair.
9:23 of 1st period - Shot Misses the Net.
9:25 of 1st period - Slapshot by Jack Johnson.
9:25 of 1st period - Shot Misses the Net.
9:39 of 1st period - Slapshot by Alex Pietrangelo.
9:39 of 1st period - Shot Blocked by Jacob Slavin.
9:41 of 1st period - Slapshot by Alex Pietrangelo.
9:41 of 1st period - Stopped by Robin Lehner with a rebound.
9:43 of 1st period - Snap shot by Dmitrij Jaskin.
9:43 of 1st period - Deflect By Dominik Kahun.
9:43 of 1st period - Stopped by Robin Lehner with a rebound.
9:45 of 1st period - Wrist shot by Dominik Kahun.
9:45 of 1st period - Stopped by Robin Lehner without a rebound.
9:46 of 1st period - Bryan Little wins face-off versus Matt Duchene in Avalanche zone.
9:46 of 1st period - Bryan Little is hit by Niklas Hansson.
9:52 of 1st period - Snap shot by Andrei Kuzmenko.
9:52 of 1st period - Shot Misses the Net.
9:54 of 1st period - Snap shot by Patric Hornqvist.
9:54 of 1st period - Goal by Patric Hornqvist - Panthers : 0 - Avalanche : 1.
9:55 of 1st period - Jean-Gabriel Pageau wins face-off versus Matt Duchene in neutral zone.
11:32 of 1st period - Nick Cousins is hit by Danny DeKeiser.
11:38 of 1st period - Wrist shot by Matt Duchene.
11:38 of 1st period - Stopped by Robin Lehner with a rebound.
12:06 of 1st period - Wrist shot by Matt Duchene.
12:06 of 1st period - Shot Misses the Net.
12:08 of 1st period - Snap shot by Nikita Kucherov.
12:08 of 1st period - Goal by Nikita Kucherov - Panthers : 1 - Avalanche : 1.
12:09 of 1st period - Aleksander Barkov wins face-off versus Jean-Gabriel Pageau in neutral zone.
12:14 of 1st period - Wrist shot by Drake Batherson.
12:14 of 1st period - Shot Misses the Net.
12:16 of 1st period - Slapshot by Kirill Kaprizov.
12:16 of 1st period - Stopped by Robin Lehner with a rebound.
12:36 of 1st period - Kyle Clifford is hit by Griffin Reinhart and loses puck.
13:01 of 1st period - Snap shot by Kyle Clifford.
13:01 of 1st period - Stopped by Ville Husso without a rebound.
13:02 of 1st period - Miro Aaltonen wins face-off versus Bryan Little in Panthers zone.
13:09 of 1st period - Slapshot by Alex Pietrangelo.
13:09 of 1st period - Shot Blocked by Stefan Elliott.
13:44 of 1st period - Snap shot by Mikkel Boedker.
13:44 of 1st period - Shot Misses the Net.
14:27 of 1st period - Backhand shot by Dominik Kahun.
14:27 of 1st period - Stopped by Robin Lehner with a rebound.
15:08 of 1st period - Minor Penalty to Danny DeKeiser for Roughing.
15:09 of 1st period - Aleksander Barkov wins face-off versus Jean-Gabriel Pageau in Panthers zone.
15:09 of 1st period - Aleksander Barkov is hit by Rickard Rakell.
16:13 of 1st period - Stefan Elliott is hit by Miro Aaltonen and loses puck.
17:06 of 1st period - Double Minor Penalty to Bryan Little for Slashing.
17:07 of 1st period - Matt Duchene wins face-off versus Ryan O'Reilly in Avalanche zone.
17:08 of 1st period - Penalty to Danny DeKeiser is over, Danny DeKeiser is back on ice.
17:13 of 1st period - Snap shot by Nikita Kucherov.
17:13 of 1st period - Stopped by Robin Lehner with a rebound.
17:25 of 1st period - Slapshot by Alex Pietrangelo.
17:25 of 1st period - Deflect By Danny DeKeiser.
17:25 of 1st period - Shot Blocked by Jacob Slavin.
17:25 of 1st period - Puck is out of play.
17:26 of 1st period - Matt Duchene wins face-off versus Ryan O'Reilly in Avalanche zone.
17:27 of 1st period - Slapshot by Nikita Kucherov.
17:27 of 1st period - Shot Misses the Net.
17:37 of 1st period - Wrist shot by Patric Hornqvist.
17:37 of 1st period - Shot Misses the Net.
17:39 of 1st period - Snap shot by Ryan O'Reilly.
17:39 of 1st period - Goal by Ryan O'Reilly - Panthers : 1 - Avalanche : 2.
17:40 of 1st period - Mikkel Boedker wins face-off versus Jean-Gabriel Pageau in neutral zone.
17:42 of 1st period - Minor Penalty to Alex Pietrangelo for Roughing.
17:43 of 1st period - Jean-Gabriel Pageau wins face-off versus Matt Duchene in Panthers zone.
17:43 of 1st period - Snap shot by Kyle Clifford.
17:43 of 1st period - Stopped by Ville Husso with a rebound.
17:59 of 1st period - Wrist shot by Nikita Kucherov.
17:59 of 1st period - Stopped by Robin Lehner without a rebound.
18:00 of 1st period - Ryan O'Reilly wins face-off versus Matt Duchene in Avalanche zone.
18:15 of 1st period - Jacob Slavin is hit by Nikita Kucherov and loses puck.
18:28 of 1st period - Slapshot by Jean-Gabriel Pageau.
18:28 of 1st period - Stopped by Ville Husso without a rebound.
18:29 of 1st period - Kyle Clifford wins face-off versus Matt Duchene in Panthers zone.
19:03 of 1st period - Wrist shot by Kyle Clifford.
19:03 of 1st period - Stopped by Ville Husso with a rebound.
19:05 of 1st period - Slapshot by Jacob Slavin.
19:05 of 1st period - Deflect By Danny DeKeiser.
19:05 of 1st period - Stopped by Ville Husso without a rebound.
19:06 of 1st period - Matt Duchene wins face-off versus Ryan O'Reilly in Panthers zone.
19:42 of 1st period - Penalty to Alex Pietrangelo is over, Alex Pietrangelo is back on ice.
Goals for this period are 1 for Panthers vs 2 for Avalanche.
Shots for this period are 10 for Panthers vs 10 for Avalanche.

2nd period


0:01 of 2nd period - Matt Duchene wins face-off versus Jean-Gabriel Pageau in neutral zone.
0:04 of 2nd period - Wrist shot by Alex Pietrangelo.
0:04 of 2nd period - Shot Misses the Net.
0:10 of 2nd period - Snap shot by Nikita Kucherov.
0:10 of 2nd period - Goal by Nikita Kucherov - Panthers : 2 - Avalanche : 2.
0:11 of 2nd period - Matt Duchene wins face-off versus Bryan Little in neutral zone.
0:15 of 2nd period - Icing by Jacob Slavin.
0:16 of 2nd period - Matt Duchene wins face-off versus Bryan Little in Avalanche zone.
0:17 of 2nd period - Snap shot by Nikita Kucherov.
0:17 of 2nd period - Stopped by Robin Lehner without a rebound.
0:18 of 2nd period - Matt Duchene wins face-off versus Bryan Little in Avalanche zone.
0:19 of 2nd period - Snap shot by Nikita Kucherov.
0:19 of 2nd period - Shot Blocked by Patric Hornqvist.
0:25 of 2nd period - Snap shot by Matt Duchene.
0:25 of 2nd period - Stopped by Robin Lehner without a rebound.
0:26 of 2nd period - Bryan Little wins face-off versus Matt Duchene in Avalanche zone.
0:37 of 2nd period - Snap shot by Andrei Kuzmenko.
0:37 of 2nd period - Shot Misses the Net.
0:39 of 2nd period - Slapshot by Andrei Kuzmenko.
0:39 of 2nd period - Deflect By Patric Hornqvist.
0:39 of 2nd period - Stopped by Ville Husso without a rebound.
0:40 of 2nd period - Matt Duchene wins face-off versus Jean-Gabriel Pageau in Panthers zone.
0:40 of 2nd period - Matt Duchene is hit by Kyle Clifford.
1:02 of 2nd period - Minor Penalty to Jean-Gabriel Pageau for Slashing.
1:03 of 2nd period - Matt Duchene wins face-off versus Rickard Rakell in Avalanche zone.
1:12 of 2nd period - Slapshot by Matt Duchene.
1:12 of 2nd period - Goal by Matt Duchene - Panthers : 3 - Avalanche : 2.
1:13 of 2nd period - Bryan Little wins face-off versus Aleksander Barkov in neutral zone.
1:22 of 2nd period - Snap shot by Andrei Kuzmenko.
1:22 of 2nd period - Shot Misses the Net.
1:30 of 2nd period - Snap shot by Patric Hornqvist.
1:30 of 2nd period - Shot Blocked by Alex Pietrangelo.
1:47 of 2nd period - Snap shot by Rickard Rakell.
1:47 of 2nd period - Shot Misses the Net.
1:49 of 2nd period - Slapshot by Jean-Gabriel Pageau.
1:49 of 2nd period - Stopped by Ville Husso with a rebound.
1:51 of 2nd period - Slapshot by Jean-Gabriel Pageau.
1:51 of 2nd period - Goal by Jean-Gabriel Pageau - Panthers : 3 - Avalanche : 3.
1:52 of 2nd period - Bryan Little wins face-off versus Aleksander Barkov in neutral zone.
3:34 of 2nd period - Mikkel Boedker is hit by Ryan Hartman and loses puck.
4:27 of 2nd period - Wrist shot by Jimmy Vesey.
4:27 of 2nd period - Shot Misses the Net.
4:33 of 2nd period - Minor Penalty to Anthony Duclair for Cross-checking.
4:34 of 2nd period - Matt Duchene wins face-off versus Jean-Gabriel Pageau in Avalanche zone.
5:10 of 2nd period - Snap shot by Danny DeKeiser.
5:10 of 2nd period - Stopped by Robin Lehner without a rebound.
5:11 of 2nd period - Ryan O'Reilly wins face-off versus Matt Duchene in Avalanche zone.
5:11 of 2nd period - Ryan O'Reilly is hit by Mikkel Boedker.
5:23 of 2nd period - Snap shot by Matt Duchene.
5:23 of 2nd period - Shot Blocked by Patric Hornqvist.
5:25 of 2nd period - Backhand shot by Niklas Hansson.
5:25 of 2nd period - Stopped by Robin Lehner with a rebound.
5:27 of 2nd period - Snap shot by Mikkel Boedker.
5:27 of 2nd period - Stopped by Robin Lehner without a rebound.
5:28 of 2nd period - Jean-Gabriel Pageau wins face-off versus Matt Duchene in Avalanche zone.
6:20 of 2nd period - Mikkel Boedker is hit by Jack Johnson and loses puck.
6:33 of 2nd period - Penalty to Anthony Duclair is over, Anthony Duclair is back on ice.
6:48 of 2nd period - David Rundblad is hit by Miro Aaltonen and loses puck.
7:52 of 2nd period - Icing by Alex Pietrangelo.
7:53 of 2nd period - Jimmy Vesey wins face-off versus Jean-Gabriel Pageau in Panthers zone.
7:53 of 2nd period - Jimmy Vesey is hit by Vladislav Gavrikov.
7:58 of 2nd period - Danny DeKeiser is hit by Rickard Rakell and loses puck.
8:04 of 2nd period - Miro Aaltonen is hit by Rickard Rakell and loses puck.
8:09 of 2nd period - Stefan Elliott is hit by Miro Aaltonen and loses puck.
8:22 of 2nd period - Alex Pietrangelo is hit by Kyle Clifford and loses puck.
8:31 of 2nd period - Snap shot by Miro Aaltonen.
8:31 of 2nd period - Stopped by Robin Lehner with a rebound.
8:42 of 2nd period - Minor Penalty to Vladislav Gavrikov for Interference.
8:43 of 2nd period - Ryan O'Reilly wins face-off versus Matt Duchene in Avalanche zone.
10:27 of 2nd period - Icing by Nikita Kucherov.
10:28 of 2nd period - Matt Duchene wins face-off versus Jean-Gabriel Pageau in Panthers zone.
10:42 of 2nd period - Penalty to Vladislav Gavrikov is over, Vladislav Gavrikov is back on ice.
11:11 of 2nd period - Wrist shot by Nick Cousins.
11:11 of 2nd period - Shot Misses the Net.
11:13 of 2nd period - Snap shot by Ryan O'Reilly.
11:13 of 2nd period - Stopped by Ville Husso with a rebound.
12:04 of 2nd period - Snap shot by Kirill Kaprizov.
12:04 of 2nd period - Stopped by Robin Lehner without a rebound.
12:05 of 2nd period - Aleksander Barkov wins face-off versus Bryan Little in Avalanche zone.
13:00 of 2nd period - Slapshot by Ryan O'Reilly.
13:00 of 2nd period - Shot Blocked by Kris Versteeg.
13:02 of 2nd period - Wrist shot by Jack Johnson.
13:02 of 2nd period - Shot Misses the Net.
13:17 of 2nd period - Off-side.
13:18 of 2nd period - Aleksander Barkov wins face-off versus Ryan Hartman in neutral zone.
13:29 of 2nd period - Wrist shot by Drake Batherson.
13:29 of 2nd period - Stopped by Robin Lehner without a rebound.
13:30 of 2nd period - Bryan Little wins face-off versus Nikita Kucherov in Avalanche zone.
13:39 of 2nd period - Wrist shot by Matt Duchene.
13:39 of 2nd period - Stopped by Robin Lehner without a rebound.
13:40 of 2nd period - Matt Duchene wins face-off versus Bryan Little in Avalanche zone.
13:45 of 2nd period - Wrist shot by Nikita Kucherov.
13:45 of 2nd period - Stopped by Robin Lehner with a rebound.
13:47 of 2nd period - Minor Penalty to Bryan Little for Hooking.
13:48 of 2nd period - Matt Duchene wins face-off versus Jean-Gabriel Pageau in Avalanche zone.
13:53 of 2nd period - Snap shot by Mikkel Boedker.
13:53 of 2nd period - Shot Misses the Net.
13:55 of 2nd period - Slapshot by Mikkel Boedker.
13:55 of 2nd period - Shot Misses the Net.
13:57 of 2nd period - Slapshot by Danny DeKeiser.
13:57 of 2nd period - Stopped by Robin Lehner without a rebound.
13:58 of 2nd period - Matt Duchene wins face-off versus Jean-Gabriel Pageau in Avalanche zone.
14:01 of 2nd period - Snap shot by Matt Duchene.
14:01 of 2nd period - Shot Blocked by David Rundblad.
14:03 of 2nd period - Wrist shot by Matt Duchene.
14:03 of 2nd period - Shot Misses the Net.
14:05 of 2nd period - Wrist shot by Mikkel Boedker.
14:05 of 2nd period - Shot Misses the Net.
14:07 of 2nd period - Snap shot by Alex Pietrangelo.
14:07 of 2nd period - Shot Blocked by Jean-Gabriel Pageau.
14:09 of 2nd period - Wrist shot by Mikkel Boedker.
14:09 of 2nd period - Stopped by Robin Lehner with a rebound.
14:17 of 2nd period - Snap shot by Mikkel Boedker.
14:17 of 2nd period - Shot Misses the Net.
14:19 of 2nd period - Snap shot by Mikkel Boedker.
14:19 of 2nd period - Stopped by Robin Lehner without a rebound.
14:20 of 2nd period - Ryan O'Reilly wins face-off versus Aleksander Barkov in Avalanche zone.
14:59 of 2nd period - Wrist shot by Drake Batherson.
14:59 of 2nd period - Shot Blocked by Vladislav Gavrikov.
15:01 of 2nd period - Backhand shot by Danny DeKeiser.
15:01 of 2nd period - Shot Blocked by Vladislav Gavrikov.
15:03 of 2nd period - Slapshot by Danny DeKeiser.
15:03 of 2nd period - Shot Blocked by Jack Johnson.
15:05 of 2nd period - Snap shot by Drake Batherson.
15:05 of 2nd period - Deflect By Kirill Kaprizov.
15:05 of 2nd period - Shot Misses the Net.
15:05 of 2nd period - Puck is out of play.
15:06 of 2nd period - Ryan O'Reilly wins face-off versus Matt Duchene in Avalanche zone.
15:47 of 2nd period - Penalty to Bryan Little is over, Bryan Little is back on ice.
15:57 of 2nd period - Danny DeKeiser is hit by Drake Caggiula.
16:13 of 2nd period - Snap shot by Bryan Little.
16:13 of 2nd period - Shot Blocked by Nikolay Goldobin.
16:15 of 2nd period - Snap shot by Bryan Little.
16:15 of 2nd period - Shot Blocked by Dominik Kahun.
16:17 of 2nd period - Wrist shot by Bryan Little.
16:17 of 2nd period - Stopped by Ville Husso without a rebound.
16:18 of 2nd period - Dominik Kahun wins face-off versus Jean-Gabriel Pageau in Panthers zone.
16:20 of 2nd period - Minor Penalty to Griffin Reinhart for High sticking.
16:21 of 2nd period - Bryan Little wins face-off versus Kris Versteeg in Panthers zone.
16:21 of 2nd period - Snap shot by Andrei Kuzmenko.
16:21 of 2nd period - Goal by Andrei Kuzmenko - Panthers : 3 - Avalanche : 4.
16:22 of 2nd period - Matt Duchene wins face-off versus Patric Hornqvist in neutral zone.
16:25 of 2nd period - Slapshot by Griffin Reinhart.
16:25 of 2nd period - Stopped by Robin Lehner with a rebound.
16:55 of 2nd period - Wrist shot by Aleksander Barkov.
16:55 of 2nd period - Stopped by Robin Lehner with a rebound.
16:57 of 2nd period - Slapshot by Griffin Reinhart.
16:57 of 2nd period - Shot Blocked by Rickard Rakell.
16:59 of 2nd period - Wrist shot by Griffin Reinhart.
16:59 of 2nd period - Shot Misses the Net.
17:21 of 2nd period - Snap shot by Dominik Kahun.
17:21 of 2nd period - Stopped by Robin Lehner without a rebound.
17:22 of 2nd period - Matt Duchene wins face-off versus Bryan Little in Avalanche zone.
17:31 of 2nd period - Slapshot by Mikkel Boedker.
17:31 of 2nd period - Shot Misses the Net.
18:31 of 2nd period - Off-side.
18:32 of 2nd period - Jean-Gabriel Pageau wins face-off versus Dominik Kahun in neutral zone.
19:15 of 2nd period - Minor Penalty to Nikita Kucherov for Hooking.
19:16 of 2nd period - Bryan Little wins face-off versus Aleksander Barkov in Panthers zone.
19:19 of 2nd period - Slapshot by Nick Cousins.
19:19 of 2nd period - Stopped by Ville Husso with a rebound.
19:33 of 2nd period - Snap shot by Andrei Kuzmenko.
19:33 of 2nd period - Shot Misses the Net.
19:49 of 2nd period - Wrist shot by Rickard Rakell.
19:49 of 2nd period - Stopped by Ville Husso with a rebound.
Goals for this period are 2 for Panthers vs 2 for Avalanche.
Shots for this period are 18 for Panthers vs 8 for Avalanche.

3rd period


0:01 of 3rd period - Bryan Little wins face-off versus Aleksander Barkov in neutral zone.
0:34 of 3rd period - Snap shot by Kyle Clifford.
0:34 of 3rd period - Stopped by Ville Husso without a rebound.
0:35 of 3rd period - Bryan Little wins face-off versus Aleksander Barkov in Panthers zone.
1:15 of 3rd period - Penalty to Nikita Kucherov is over, Nikita Kucherov is back on ice.
2:04 of 3rd period - Snap shot by Aleksander Barkov.
2:04 of 3rd period - Shot Misses the Net.
2:24 of 3rd period - Snap shot by Bryan Little.
2:24 of 3rd period - Shot Blocked by Alex Pietrangelo.
2:26 of 3rd period - Wrist shot by Jack Johnson.
2:26 of 3rd period - Stopped by Ville Husso with a rebound.
2:28 of 3rd period - Slapshot by Jacob Slavin.
2:28 of 3rd period - Shot Misses the Net.
2:46 of 3rd period - Wrist shot by Nikita Kucherov.
2:46 of 3rd period - Shot Misses the Net.
3:46 of 3rd period - Slapshot by David Rundblad.
3:46 of 3rd period - Shot Blocked by Jimmy Vesey.
4:07 of 3rd period - Wrist shot by Jean-Gabriel Pageau.
4:07 of 3rd period - Stopped by Ville Husso without a rebound.
4:08 of 3rd period - Dominik Kahun wins face-off versus Jean-Gabriel Pageau in Panthers zone.
4:08 of 3rd period - Dominik Kahun is hit by Rickard Rakell.
4:19 of 3rd period - Nikolay Goldobin is hit by Kyle Clifford and loses puck.
4:44 of 3rd period - Slapshot by Patric Hornqvist.
4:44 of 3rd period - Goal by Patric Hornqvist - Panthers : 3 - Avalanche : 5.
4:45 of 3rd period - Matt Duchene wins face-off versus Jean-Gabriel Pageau in neutral zone.
5:02 of 3rd period - Snap shot by Nikita Kucherov.
5:02 of 3rd period - Shot Hit the Post.
5:41 of 3rd period - Off-side.
5:42 of 3rd period - Ryan O'Reilly wins face-off versus Jimmy Vesey in neutral zone.
5:45 of 3rd period - Snap shot by Stefan Elliott.
5:45 of 3rd period - Stopped by Ville Husso with a rebound.
5:47 of 3rd period - Snap shot by Anthony Duclair.
5:47 of 3rd period - Deflect By Ryan O'Reilly.
5:47 of 3rd period - Stopped by Ville Husso without a rebound.
5:48 of 3rd period - Ryan O'Reilly wins face-off versus Matt Duchene in Panthers zone.
5:59 of 3rd period - Matt Duchene is hit by Ryan O'Reilly and loses puck.
6:22 of 3rd period - Wrist shot by Miro Aaltonen.
6:22 of 3rd period - Stopped by Robin Lehner with a rebound.
6:54 of 3rd period - Slapshot by Drake Batherson.
6:54 of 3rd period - Shot Misses the Net.
7:01 of 3rd period - Icing by Bryan Little.
7:02 of 3rd period - Drake Caggiula wins face-off versus Matt Duchene in Avalanche zone.
7:14 of 3rd period - Minor Penalty to Nikita Kucherov for Hooking.
7:15 of 3rd period - Kyle Clifford wins face-off versus Aleksander Barkov in Panthers zone.
7:27 of 3rd period - Jacob Slavin is hit by Kris Versteeg and loses puck.
7:42 of 3rd period - Niklas Hansson is hit by Nick Cousins and loses puck.
7:49 of 3rd period - Snap shot by Bryan Little.
7:49 of 3rd period - Stopped by Ville Husso without a rebound.
7:50 of 3rd period - Bryan Little wins face-off versus Aleksander Barkov in Panthers zone.
8:25 of 3rd period - Slapshot by Jacob Slavin.
8:25 of 3rd period - Shot Blocked by Miro Aaltonen.
9:14 of 3rd period - Penalty to Nikita Kucherov is over, Nikita Kucherov is back on ice.
9:33 of 3rd period - Drake Caggiula is hit by Griffin Reinhart and loses puck.
9:46 of 3rd period - Joseph Blandisi is hit by Matt Duchene and loses puck.
10:02 of 3rd period - Icing by Drake Caggiula.
10:03 of 3rd period - Drake Caggiula wins face-off versus Aleksander Barkov in Avalanche zone.
10:14 of 3rd period - Slapshot by Kyle Clifford.
10:14 of 3rd period - Shot Misses the Net.
11:18 of 3rd period - Wrist shot by Andrei Kuzmenko.
11:18 of 3rd period - Stopped by Ville Husso without a rebound.
11:19 of 3rd period - Jean-Gabriel Pageau wins face-off versus Matt Duchene in Panthers zone.
11:24 of 3rd period - Wrist shot by Rickard Rakell.
11:24 of 3rd period - Stopped by Ville Husso without a rebound.
11:25 of 3rd period - Matt Duchene wins face-off versus Ryan O'Reilly in Panthers zone.
11:25 of 3rd period - Matt Duchene is hit by Ryan O'Reilly.
11:57 of 3rd period - Jimmy Vesey is hit by Erik Karlsson and loses puck.
12:10 of 3rd period - Bryan Little is hit by Kris Versteeg and loses puck.
12:25 of 3rd period - Wrist shot by Kyle Clifford.
12:25 of 3rd period - Stopped by Ville Husso without a rebound.
12:26 of 3rd period - Jean-Gabriel Pageau wins face-off versus Matt Duchene in Panthers zone.
13:05 of 3rd period - Vladislav Gavrikov is hit by Alex Pietrangelo and loses puck.
13:29 of 3rd period - Snap shot by Andrei Kuzmenko.
13:29 of 3rd period - Stopped by Ville Husso without a rebound.
13:30 of 3rd period - Matt Duchene wins face-off versus Bryan Little in Panthers zone.
13:41 of 3rd period - Snap shot by Andrei Kuzmenko.
13:41 of 3rd period - Stopped by Ville Husso without a rebound.
13:42 of 3rd period - Jean-Gabriel Pageau wins face-off versus Matt Duchene in Panthers zone.
13:53 of 3rd period - Wrist shot by Rickard Rakell.
13:53 of 3rd period - Stopped by Ville Husso without a rebound.
13:54 of 3rd period - Ryan O'Reilly wins face-off versus Matt Duchene in Panthers zone.
14:04 of 3rd period - Off-side.
14:05 of 3rd period - Matt Duchene wins face-off versus Bryan Little in neutral zone.
15:07 of 3rd period - Jimmy Vesey is hit by Drake Caggiula and loses puck.
15:35 of 3rd period - Snap shot by Rickard Rakell.
15:35 of 3rd period - Stopped by Ville Husso without a rebound.
15:36 of 3rd period - Matt Duchene wins face-off versus Ryan O'Reilly in Panthers zone.
15:49 of 3rd period - Snap shot by Nikita Kucherov.
15:49 of 3rd period - Shot Misses the Net.
15:51 of 3rd period - Snap shot by Mikkel Boedker.
15:51 of 3rd period - Stopped by Robin Lehner with a rebound.
15:53 of 3rd period - Wrist shot by Nikita Kucherov.
15:53 of 3rd period - Shot Blocked by David Rundblad.
16:03 of 3rd period - Jimmy Vesey is hit by Jean-Gabriel Pageau and loses puck.
16:08 of 3rd period - Wrist shot by Rickard Rakell.
16:08 of 3rd period - Shot Blocked by Jimmy Vesey.
16:23 of 3rd period - Icing by Danny DeKeiser.
16:24 of 3rd period - Miro Aaltonen wins face-off versus Bryan Little in Panthers zone.
16:24 of 3rd period - Miro Aaltonen is hit by Vladislav Gavrikov.
17:09 of 3rd period - Slapshot by Danny DeKeiser.
17:09 of 3rd period - Deflect By Nick Cousins.
17:09 of 3rd period - Stopped by Robin Lehner without a rebound.
17:10 of 3rd period - Ryan O'Reilly wins face-off versus Miro Aaltonen in Avalanche zone.
17:10 of 3rd period - Ryan O'Reilly is hit by Miro Aaltonen.
17:27 of 3rd period - Snap shot by Ryan O'Reilly.
17:27 of 3rd period - Stopped by Ville Husso without a rebound.
17:28 of 3rd period - Aleksander Barkov wins face-off versus Kyle Clifford in Panthers zone.
17:30 of 3rd period - Minor Penalty to Aleksander Barkov for Holding Stick.
17:31 of 3rd period - Miro Aaltonen wins face-off versus Jean-Gabriel Pageau in Panthers zone.
17:57 of 3rd period - Alex Pietrangelo is hit by Nick Cousins and loses puck.
18:42 of 3rd period - Erik Karlsson is hit by Jimmy Vesey and loses puck.
19:30 of 3rd period - Penalty to Aleksander Barkov is over, Aleksander Barkov is back on ice.
Goals for this period are 0 for Panthers vs 1 for Avalanche.
Shots for this period are 3 for Panthers vs 15 for Avalanche.